[Event "*** Titled Tuesday Blitz"]
[Site "Chess.com"]
[Date "2020.04.14"]
[Round "7"]
[White "jerry_77"]
[Black "Mastroskaki"]
[Result "0-1"]
[WhiteElo "2459"]
[BlackElo "2724"]
[TimeControl "180+1"]
[EndTime "11:15:15 PDT"]
[Termination "Mastroskaki won by resignation"]

1. e4 c5 2. Nf3 Nc6 3. d4 cxd4 4. Nxd4 Qc7 5. Nc3 e6 6. Be3 a6 7. Qd2 Nf6 8. f4 b5 9. e5 b4 10. exf6 bxc3 11. bxc3 gxf6 12. Be2 Bb7 13. O-O Rg8 14. Bf3 Na5 15. Qe2 Nc4 16. Rab1 Bxf3 17. Qxf3 Rb8 18. Kh1 Bd6 19. Nb3 Qb7 20. Nd2 Qxf3 21. Rxb8+ Bxb8 22. Rxf3 Nxe3 23. Rxe3 Bxf4 24. Rd3 Bxd2 25. Rxd2 Ke7 26.
Rd4 Rc8 27. Ra4 Rxc3 28. Rxa6 Rxc2 29. h4 f5 30. Kh2 f4 31. Kh3 f5 32. a4 Rc3+ 33.
Kh2 Ra3 34. Ra8 Kf6 35. a5 d5 36. a6 d4 37. Kg1 Ra2 38. Kf1 Ke5 39. a7 d3 40. Ke1 h5 41. Kd1 Ke4 42. Re8 Rxa7 43. Rxe6+ Kd4 44. Ke1 Ra2 45. Rd6+ Ke3 46. Re6+ Kd4 47.
Rd6+ Ke4 48. Re6+ Kd5 49. Rg6 f3 50. gxf3 Kd4 51. Re6 Rh2 52. Re7 Rxh4 53. Kf2 Rh2+ 54. Kg3 Re2 55. Rd7+ Ke3 56. Re7+ Kd2 57. Rd7 h4+ 58.
Kxh4 Ke3 59. Kg3 d2 60. Re7+ Kd3 61. Rd7+ Kc2 62. Rc7+ Kd1 63. Kf4 Ke1 64. Rd7 d1=Q 65. Rxd1+ Kxd1 66. Kxf5 Kd2 67. f4 Ke3 68. Kg4 Rg2+ 69. Kh3 Rf2 0-1

[Event "*** Titled Tuesday Blitz"]
[Site "Chess.com"]
[Date "2020.04.14"]
[Round "7"]
[White "XiaoKangZhong"]
[Black "Tashik"]
[Result "1-0"]
[WhiteElo "2401"]
[BlackElo "2538"]
[TimeControl "180+1"]
[EndTime "11:15:15 PDT"]
[Termination "XiaoKangZhong won on time"]

1. e4 e5 2. Nf3 Nc6 3. Bc4 Bc5 4. c3 Nf6 5. d3 O-O 6. O-O h6 7. Re1 d6 8. h3 a5 9. Bb3 Bd7 10. a3 Qb8 11. d4 Ba7 12. Bd5 Re8 13. Qb3 Nd8 14. dxe5 dxe5 15. Nbd2 c6 16. Bc4 b5 17.
Bd3 Ne6 18. Qc2 Nf4 19. Nf1 Nxd3 20. Qxd3 Be6 21. Be3 Bc4 22. Qc2 Bxf1 23. Kxf1 Bxe3 24. Rxe3 Qc7 25. Nh4 g6 26. Rd1 Rad8 27. Nf3 Rxd1+ 28. Qxd1 Rd8 29. Rd3 Rxd3 30. Qxd3 a4 31. Nd2 Nd7 32. c4 Nc5 33. Qe3 Qd6 34. Ke2 Kg7 35. f3 Ne6 36.
cxb5 cxb5 37. Qc3 Nd4+ 38. Kf2 Qb6 39. Ke1 Qe6 40. Nf1 Qa2 41. Kf2 Qb1 42. Nd2 Qd1 43. Qd3 Qc1 44. Qc3 Qxc3 45. bxc3 Nc2 46. Nb1 Na1 47.
Ke2 Nb3 48. Nd2 Na5 49. Kd3 Kf6 50. c4 bxc4+ 51. Nxc4 Nb3 52. Nb6 Nc1+ 53. Kd2 Nb3+ 54. Kc3 Nc5 55. Kc4 Ne6 56. Nxa4 Nf4 57. g3 Nxh3 58.
Nc5 Ng1 59. f4 exf4 60. gxf4 h5 61. a4 h4 62. Nd3 1-0

[Event "*** Titled Tuesday Blitz"]
[Site "Chess.com"]
[Date "2020.04.14"]
[Round "7"]
[White "hedgehog280"]
[Black "TregubovP"]
[Result "1/2-1/2"]
[WhiteElo "2666"]
[BlackElo "2521"]
[TimeControl "180+1"]
[EndTime "11:15:16 PDT"]
[Termination "Game drawn by agreement"]

1. c4 c5 2. Nf3 Nc6 3. d4 cxd4 4. Nxd4 Nf6 5. Nc3 Qb6 6. Nb3 e6 7. g3 Ne5 8. Be3 Qc6 9. f3 Nxc4 10. Bf2 d5 11.
Bg2 Nxb2 12. Qd2 Bb4 13. Rc1 Na4 14. Bd4 O-O 15. O-O Nxc3 16. Bxc3 Bxc3 17. Rxc3 Qb6+ 18. Kh1 Bd7 19. Rfc1 Rac8 20. e3 Rxc3 21. Rxc3 Rc8 22. Rxc8+ Bxc8 23. Bf1 Bd7 24. Qc3 h6 25. Kg2 Bc6 26. Kf2 Nd7 27. h4 a6 28. Bd3 Qc7 29. Nd4 Ne5 30. Be2 Qd6 31. f4 Nd7 32. Bxa6 bxa6 33.
Qxc6 Qxc6 34. Nxc6 Kf8 35. g4 Nc5 36. Ke2 f6 37. f5 exf5 38. gxf5 Ne4 39. Kf3 Nc3 40. a3 Ke8 41. Kg4 Nd1 42. Kf4 Nc3 43. Kg4 Kf7 44.
Nb4 a5 45. Nc6 a4 46. Nb4 Ke7 47. Kh5 Kf7 48. Kg4 Nb5 49. Nxd5 Nxa3 50. Nb6 Nc2 51. Nxa4 Nxe3+ 52. Kf4 Nd5+ 53. Kg4 Ke7 54. Nc5 Kd6 55.
Ne6 g6 56. Ng7 Ne3+ 57. Kf4 Nd5+ 58. Kg4 h5+ 59. Kf3 gxf5 60. Nxh5 Ke5 61. Ng7 f4 62. h5 f5 63. h6 Kf6 64. Nxf5 Kg6 65. Nd4 Kxh6 66. Ne6 1/2-1/2

[Event "*** Titled Tuesday Blitz"]
[Site "Chess.com"]
[Date "2020.04.14"]
[Round "7"]
[White "HrvojeZagreb"]
[Black "adriangschnitzer"]
[Result "0-1"]
[WhiteElo "2187"]
[BlackElo "2365"]
[TimeControl "180+1"]
[EndTime "11:15:16 PDT"]
[Termination "adriangschnitzer won by checkmate"]

1. d4 Nf6 2. Bf4 c5 3. e3 Qb6 4.
Na3 Qxb2 5. Nb5 Nd5 6. a3 a6 7.
Bc4 Nxf4 8. Ra2 Nxg2+ 9. Kf1 Qxa2 10. Bxa2 Nxe3+ 11. fxe3 axb5 12. dxc5 Rxa3 13. Bb3 Nc6 14. Nf3 g6 15. Ng5 Bg7 16. Bxf7+ Kd8 17. Bb3 Ra1 18.
Qxa1 Bxa1 19. Nf7+ Kc7 20. Nxh8 Bxh8 21. h4 Bf6 22. h5 Na5 23. Bg8 gxh5 24. Rxh5 b6 25. cxb6+ Kxb6 26. Bxh7 Bb7 27. Bd3 Nc4 28. Ke2 Ne5 29. Rh7 Nxd3 30. cxd3 b4 31. Kd2 b3 32. Rh2 b2 33. Kc2 Ba6 34. Rd2 Kc5 35. d4+ Kc4 36. Kxb2 d5 37. Kc2 Bg5 38. Rd3 Kb4 39. Rb3+ Ka4 40.
Rb6 Bc4 41. Re6 Kb4 42. Re5 Bf6 43. Re6 Ka5 44. Kc3 Bb5 45. e4 Bd7 46. Rxe7 Bxe7 47. exd5 Kb5 48. Kd3 Bd6 49. Ke4 Kc4 50. Ke3 Kxd5 51.
Kd3 Bb5+ 52. Kc3 Be7 53. Kb3 Kxd4 54. Kc2 Bb4 55. Kb3 Ba5 56. Kc2 Ke3 57. Kb3 Kd3 58. Ka3 Kc2 59. Ka2 Bb4 60. Ka1 Bc6 61. Ka2 Bd5+ 62.
Ka1 Bc3# 0-1

[Event "*** Titled Tuesday Blitz"]
[Site "Chess.com"]
[Date "2020.04.14"]
[Round "7"]
[White "MisiekZielony"]
[Black "Zhani-Z"]
[Result "0-1"]
[WhiteElo "2206"]
[BlackElo "2491"]
[TimeControl "180+1"]
[EndTime "11:15:17 PDT"]
[Termination "Zhani-Z won on time"]

1. c4 Nf6 2. Nc3 g6 3. g3 Bg7 4. Bg2 d6 5. e4 O-O 6. Nge2 h5 7. h3 Nc6 8. d3 a6 9. O-O Rb8 10. Rb1 b5 11. b3 bxc4 12. dxc4 a5 13. Be3 Nd7 14.
Qd2 e6 15. Bg5 Bf6 16. h4 Bb7 17. f4 Nc5 18. Qe3 Qe7 19. Nb5 Rfc8 20. Bxf6 Qxf6 21. e5 Qe7 22. Bxc6 Bxc6 23. Na7 Ba8 24. Nxc8 Rxc8 25. Kh2 Qe8 26. Nd4 Rb8 27. Rf2 Qc8 28. Re2 Qa6 29. f5 exf5 30. Qg5 Be4 31. Rbe1 dxe5 32. Nc2 a4 33. b4 Nd3 34. Rxe4 fxe4 35. Rxe4 Qc6 36.
Qe3 Nf2 37. Qxf2 Qxe4 38. Ne3 c6 39. Qd2 a3 40. c5 Rxb4 41. Qf2 Rb2 0-1

[Event "*** Titled Tuesday Blitz"]
[Site "Chess.com"]
[Date "2020.04.14"]
[Round "7"]
[White "CalinGheorghiu"]
[Black "StoreySniper"]
[Result "0-1"]
[WhiteElo "2339"]
[BlackElo "2518"]
[TimeControl "180+1"]
[EndTime "11:15:17 PDT"]
[Termination "StoreySniper won by resignation"]

1. d4 g6 2. c4 Bg7 3. e4 c5 4. d5 d6 5. Nc3 Nf6 6. Nge2 h5 7. h3 Na6 8. Bg5 Nc7 9. a4 a6 10. Qd2 Rb8 11. Nc1 O-O 12. Be2 e6 13. O-O exd5 14. exd5 Bf5 15. Bh6 Bxh6 16. Qxh6 Re8 17. Qd2 Ne4 18.
Nxe4 Rxe4 19. a5 Ne8 20. Ra3 Nf6 21. Bd3 Rd4 22. Qc2 Bxd3 23. Nxd3 Nd7 24. Re1 Qh4 25. Rc3 Re4 26. Rxe4 Qxe4 27. Qd2 Re8 28. Rc1 Qd4 29. Qc2 Re4 30. Re1 Rxe1+ 31. Nxe1 Ne5 32. b3 Qa1 33. Qe2 Nd3 34. Qxd3 Qxe1+ 35. Qf1 Qxa5 36. Qe2 Qc7 37. Qe8+ Kg7 38. g4 hxg4 39. hxg4 g5 40. Kg2 Qb6 41. Qe3 Qd8 42. Qe4 Qf6 43. Qe8 Qf4 44.
f3 Qd2+ 45. Kg3 Qf4+ 46. Kg2 b6 47. Qd8 b5 48. Qb6 bxc4 49. bxc4 a5 50. Qxa5 Qxc4 51.
Qa8 Qe2+ 52. Kg3 Qe1+ 53. Kg2 Qe2+ 54. Kg3 Qe5+ 55. Kg2 c4 56. Qc6 c3 57. Kf2 Qd4+ 58. Kg2 Qd2+ 59. Kg3 c2 60. Qxd6 Qf4+ 61. Qxf4 gxf4+ 62.
Kxf4 c1=Q+ 0-1

[Event "*** Titled Tuesday Blitz"]
[Site "Chess.com"]
[Date "2020.04.14"]
[Round "7"]
[White "SmirnovTimofey2000"]
[Black "Vincent_Vega95"]
[Result "0-1"]
[WhiteElo "2575"]
[BlackElo "2782"]
[TimeControl "180+1"]
[EndTime "11:15:19 PDT"]
[Termination "Vincent_Vega95 won by resignation"]

1. e4 c5 2. Nf3 d6 3. d4 cxd4 4. Nxd4 Nf6 5. Nc3 a6 6. Be2 e5 7. Nb3 Be7 8. Be3 O-O 9. O-O Be6 10. Nd5 Nxd5 11. exd5 Bf5 12. c4 Nd7 13. Qd2 a5 14.
Rac1 b6 15. Na1 Bg6 16. Nc2 Bxc2 17. Qxc2 Bg5 18. b3 f5 19. f4 Bxf4 20. Bxf4 exf4 21. Rxf4 g6 22. Rff1 Qg5 23. Rce1 Rae8 24. Bf3 Re5 25. a3 Rfe8 26. Qf2 Nc5 27. Rxe5 Rxe5 28. b4 Nd7 29. bxa5 bxa5 30. Rb1 Nc5 31. h4 Qf4 32. h5 Kg7 33. hxg6 hxg6 34. g3 Qg5 35. Kg2 Re3 36. Re1 f4 37. Rxe3 fxe3 38. Qe1 a4 39. Qc3+ Kf7 40.
Kf1 Qxg3 41. Qxe3 Kf6 42. Ke2 Qe5 43. Kd2 g5 44. Qxe5+ Kxe5 45. Bd1 Kd4 46. Be2 Nb3+ 47. Kc2 Na5 48. Kc1 Nxc4 49. Bd1 Nxa3 50. Bxa4 Nc4 51. Bb3 Nb6 52. Kd1 Nxd5 53. Ke1 Nf6 54. Kf2 g4 55. Kg3 Ke4 56. Bd1 d5 57. Bc2+ Ke3 58. Bb1 d4 59. Kh4 d3 60. Kg5 d2 61. Bc2 g3 62.
Kxf6 g2 0-1

[Event "*** Titled Tuesday Blitz"]
[Site "Chess.com"]
[Date "2020.04.14"]
[Round "7"]
[White "Pomegranate988"]
[Black "swisspower96"]
[Result "0-1"]
[WhiteElo "2500"]
[BlackElo "2662"]
[TimeControl "180+1"]
[EndTime "11:15:19 PDT"]
[Termination "swisspower96 won by resignation"]

1. d4 Nf6 2. c4 e6 3. Nf3 d5 4. g3 dxc4 5. Bg2 a6 6. O-O Nc6 7.
Nc3 Rb8 8. e4 Be7 9. Qe2 b5 10.
Rd1 Nb4 11. Be3 O-O 12. Ne5 Bb7 13. a3 Nc6 14. f4 Qc8 15. Bh3 Nxe5 16. fxe5 Nxe4 17.
d5 Nxc3 18. bxc3 Qe8 19. dxe6 Qc6 20. exf7+ Rxf7 21. Bg2 Qxg2+ 22. Qxg2 Bxg2 23. Kxg2 Bf8 24. Bf4 Re8 25. a4 b4 26. cxb4 Bxb4 27. Rac1 c3 28. h4 a5 29. Rd4 c5 30. Rd6 h6 31. Rd5 Kh7 32. Kh3 h5 33. Kg2 Rff8 34. Kf3 Kg6 35. Ke4 Rd8 36. Rd6+ Kh7 37. Kd5 c4 38. Rxd8 Rxd8+ 39. Kxc4 Kg6 40. Re1 Rc8+ 41. Kb3 Kf7 42. Re2 Ke6 43. Kc2 Rd8 44. Kb3 Rd4 45. Kc2 Rd5 46. Kb3 Rd3 47. Kc2 Rf3 48. Kb3 Rf1 49. Kc4 Ra1 50. Kb5 Rb1 51. Kc4 Rb2 52. Re1 Ra2 53. Kb5 c2 54. Rf1 Ba3 55. Kc4 Rb2 56. Rc1 Rb4+ 57. Kc3 Bxc1 58. Bxc1 Rxa4 59. Kxc2 Rg4 60. Bf4 a4 61. Kb2 Kf5 62. Ka3 Rg6 63.
Kxa4 Re6 64. Kb4 Rxe5 65. Bxe5 Kxe5 66. Kc4 Kf5 67. Kd4 Kg4 68. Ke5 Kxg3 69. Kf5 Kxh4 70. Kg6 Kg4 71. Kxg7 h4 0-1

[Event "*** Titled Tuesday Blitz"]
[Site "Chess.com"]
[Date "2020.04.14"]
[Round "7"]
[White "Tiqr777"]
[Black "Lupul_Cenusiu"]
[Result "1-0"]
[WhiteElo "2642"]
[BlackElo "2484"]
[TimeControl "180+1"]
[EndTime "11:15:19 PDT"]
[Termination "Tiqr777 won by resignation"]

1. c4 Nf6 2. Nc3 e6 3. g3 d5 4. Bg2 Be7 5. d4 O-O 6. cxd5 exd5 7. Nf3 c6 8. O-O h6 9. Qc2 Bd6 10. Bf4 Bxf4 11. gxf4 Na6 12. Ne5 Nc7 13. e3 Nfe8 14. b4 Nd6 15. a4 Bf5 16. Qe2 a6 17. Kh1 Qh4 18. Rg1 Rae8 19. Nf3 Qh5 20. Nd2 Qxe2 21. Nxe2 Ne4 22. Nxe4 Bxe4 23. Bxe4 Rxe4 24. Nc3 Re6 25. Rab1 Ra8 26. Kg2 g6 27. Kf3 Kf8 28. Rb2 Rf6 29.
Ke2 Re6 30. Rgb1 Ke7 31. b5 axb5 32. axb5 Ra3 33. Kd2 g5 34. fxg5 hxg5 35. bxc6 bxc6 36. Rb7 Kd7 37. R1b3 Ra5 38. R3b4 Rf6 39. Ke2 Ra1 40.
R4b6 Kc8 41. Rxc7+ Kxc7 42. Nxd5+ cxd5 43. Rxf6 Rh1 44. Rxf7+ Kd6 45. Rg7 Rxh2 46. Rxg5 Rh3 47. Rg6+ Kd7 48.
f3 Rh2+ 49. Kd3 Rf2 50. Rf6 Ke7 51. Rf5 Ke6 52. Re5+ Kd6 53. f4 Ra2 54. Rh5 Rf2 55. Rh6+ Kd7 56. Ra6 Ke7 57. Rh6 Kd7 58. Rh5 Kd6 59.
Re5 Kc6 60. f5 Kd6 61. Kc3 Rf1 62. Kd2 Rf2+ 63. Ke1 Rh2 64. Kf1 Rd2 65. f6 Rd1+ 66.
Ke2 Rh1 67. f7 Rh2+ 68. Ke1 Rh1+ 69. Kf2 Rh8 70. Re8 1-0

[Event "*** Titled Tuesday Blitz"]
[Site "Chess.com"]
[Date "2020.04.14"]
[Round "7"]
[White "pooh2012"]
[Black "przemekpiotrowski"]
[Result "1-0"]
[WhiteElo "2566"]
[BlackElo "2394"]
[TimeControl "180+1"]
[EndTime "11:15:19 PDT"]
[Termination "pooh2012 won by resignation"]

1. d4 c5 2. d5 e5 3. Nf3 d6 4. c4 Be7 5. Nc3 Bg4 6. Nd2 f5 7. h3 Bh5 8. Qc2 Bg6 9. e4 Qd7 10.
Bd3 f4 11. Be2 h5 12. Nf1 Nf6 13. g3 fxg3 14. fxg3 h4 15. g4 Nh7 16. Be3 Bg5 17.
Qd2 Qe7 18. O-O-O O-O 19. Bxg5 Qxg5 20. Ne3 Nd7 21. Rdf1 a6 22. Nf5 Rf6 23. Ne7+ Kf7 24. Nf5 Kg8 25. Bd3 Raf8 26. Ne7+ Kf7 27. Nf5 Kg8 28.
a3 Qxd2+ 29. Kxd2 Bxf5 30. gxf5 g5 31. Rfg1 Kg7 32. Nd1 R6f7 33. Ne3 Ndf6 34. Rg2 Kh6 35. Rhg1 Rb8 36. b4 b6 37. Rb1 Rff8 38. Ke1 a5 39. Rgb2 axb4 40. axb4 Nd7 41. bxc5 bxc5 42. Rb7 Nhf6 43. Kf2 Rxb7 44. Rxb7 Rb8 45. Rc7 Rb2+ 46. Kf3 Rh2 47. Bf1 g4+ 48. hxg4 Rh1 49. Bg2 Rb1 50.
Rc6 Kg5 51. Rxd6 Nb6 52. Rc6 Na4 53. d6 Nc3 54. d7 Rb8 55. Rd6 Rd8 56. Re6 Rxd7 57.
Nd5 Ncxd5 58. exd5 e4+ 59. Ke3 Nxg4+ 60. Kxe4 Nf6+ 61.
Kf3 Kxf5 62. Bh3+ Kg5 63. Rxf6 Rb7 64. Rf5+ Kg6 65. Kg4 Rb4 66. Rf4 Rb3 67. Kxh4 Kg7 68. Bg4 Rd3 69. Kg5 Rd2 70. Kf5 Rd4 71. Ke5 Rd2 72.
Kd6 1-0

[Event "*** Titled Tuesday Blitz"]
[Site "Chess.com"]
[Date "2020.04.14"]
[Round "7"]
[White "rasmussvane"]
[Black "Mischuk_D"]
[Result "1-0"]
[WhiteElo "2877"]
[BlackElo "2702"]
[TimeControl "180+1"]
[EndTime "11:15:20 PDT"]
[Termination "rasmussvane won on time"]

1. Nf3 Nf6 2. c4 g6 3. Nc3 d5 4. cxd5 Nxd5 5. h4 h6 6. e4 Nxc3 7. dxc3 Qxd1+ 8. Kxd1 Nd7 9. Bf4 c6 10. Kc2 Nc5 11. Nd2 a5 12. a4 Be6 13. Be3 Nd7 14. Bc4 Bxc4 15. Nxc4 Bg7 16. Rhd1 Ne5 17. Nb6 Ra6 18.
Bd4 O-O 19. Bxe5 Rxb6 20. Bxg7 Kxg7 21. Rd7 Kf6 22. Rad1 Rc8 23. f4 Ke6 24. g4 f6 25.
f5+ gxf5 26. gxf5+ Kf7 27. Rg1 h5 28. Rg6 Rh8 29. Rg2 Rc8 30. Kd3 Ke8 31. Rd4 Kf7 32.
Kc4 Ra6 33. Rd7 Rb6 34. Kc5 Rb3 35. Kc4 Rb6 36. Rd3 Rh8 37. Kc5 Rb3 38. Kc4 Rb6 39. Rdg3 Rh7 40. Rg8 Rxb2 41. Rxb2 Kxg8 42. Rxb7 Rg7 43.
Kc5 Kf7 44. Kxc6 Rg4 45. Kd5 Rxh4 46. c4 Rh1 47. c5 Rd1+ 48. Kc6 h4 49. Rb3 Rd4 50.
Kb5 Ke8 51. Kxa5 Kd7 52. Kb5 Rxe4 53. a5 Kc7 54. a6 Rg4 55. Rd3 Rg8 56. c6 Kb8 57. Kb6 Rh8 58. c7+ Kc8 59. a7 1-0

[Event "*** Titled Tuesday Blitz"]
[Site "Chess.com"]
[Date "2020.04.14"]
[Round "7"]
[White "RaphCamora"]
[Black "Artem_Sadovsky"]
[Result "0-1"]
[WhiteElo "2426"]
[BlackElo "2607"]
[TimeControl "180+1"]
[EndTime "11:15:20 PDT"]
[Termination "Artem_Sadovsky won on time"]

1. e4 g6 2. d4 Bg7 3. Nf3 d6 4. Bc4 Nf6 5. Qe2 O-O 6. O-O d5 7.
exd5 Nxd5 8. h3 c6 9. Bb3 Na6 10. c4 Nb6 11. Nc3 Bf5 12. Bg5 Re8 13. Rad1 Qc7 14.
Bh4 Rad8 15. Bg3 Qc8 16. Rfe1 h6 17. Be5 f6 18. Bg3 g5 19. a4 Nb4 20. a5 Na8 21. d5 c5 22. Ba4 Bd7 23. Bxd7 Qxd7 24. Ne4 b6 25. axb6 axb6 26. Nh2 f5 27. Nc3 f4 28.
Bxf4 gxf4 29. Qe4 Nc7 30. Qxf4 Rf8 31. Qg3 Qd6 32. Qe3 Bd4 33. Rxd4 cxd4 34. Qxd4 Qf4 35. Qxf4 Rxf4 36. Rxe7 Rxc4 37. Ng4 Ncxd5 38. Nxh6+ Kf8 39. Rf7+ Ke8 40. Nb5 Rh4 41. Rh7 Rd7 42. Rh8+ Ke7 43. Nf5+ Kf6 44. Nxh4 Nf4 45. g3 Nxh3+ 46. Kg2 Ng5 47.
Rh6+ Kf7 48. Rg6 Rd2 49. Rxg5 Nd3 50. Rf5+ Ke6 51. Nd4+ Kd6 52. Ndf3 Rxb2 53. Rf6+ Kc5 54. Rf5+ Kd6 55. Rf6+ Kc5 56. Nf5 Rxf2+ 57. Kh3 Rxf3 58. Kg4 Ne5+ 59. Kg5 b5 60. Rf8 b4 61. Rc8+ Kb6 62. Nd4 Nf7+ 63. Kg4 Ne5+ 64. Kg5 Rd3 65. Nf5 b3 66. Kf4 Nc6 0-1

[Event "*** Titled Tuesday Blitz"]
[Site "Chess.com"]
[Date "2020.04.14"]
[Round "7"]
[White "Semetey"]
[Black "BIG_Pirate"]
[Result "1-0"]
[WhiteElo "2553"]
[BlackElo "2381"]
[TimeControl "180+1"]
[EndTime "11:15:20 PDT"]
[Termination "Semetey won on time"]

1. g3 d5 2. Bg2 c6 3. d3 Nf6 4.
Nd2 Bf5 5. e4 dxe4 6. dxe4 Bg6 7.
Qe2 e6 8. Ngf3 Nbd7 9. O-O a5 10. a4 Be7 11. h3 Nc5 12. Nh4 Nfd7 13. Nxg6 hxg6 14. f4 e5 15. f5 gxf5 16. exf5 f6 17. Qg4 Kf8 18. Nf3 Qb6 19. Kh1 Qb4 20. Qxb4 axb4 21.
b3 Nb6 22. Nh4 Kf7 23. Ng6 Rhd8 24. Be3 Nd5 25. Bg1 Bd6 26. Rfd1 Nc3 27. Rxd6 Rxd6 28. Bxc5 Rd2 29. Bxb4 Rxc2 30. Bf1 Nd5 31. Be1 Rb2 32.
Bc4 b5 33. Bxd5+ cxd5 34. a5 Rxb3 35. Rc1 b4 36. Rc7+ Ke8 37. Bf2 Rxa5 38. Re7+ Kd8 39. Bb6+ Kc8 40. Bxa5 Rb1+ 41. Kg2 b3 42. Rc7+ Kb8 43.
Rc5 Ka7 44. Bc3 Ka6 45. Rxd5 Rc1 46. Rc5 Rc2+ 47. Kf3 Kb6 48. Rc8 Kb7 49. Rc4 Ka6 50. Ne7 b2 51. Bxb2 1-0

[Event "*** Titled Tuesday Blitz"]
[Site "Chess.com"]
[Date "2020.04.14"]
[Round "7"]
[White "Egorov_Pavel"]
[Black "KacperPolOK"]
[Result "0-1"]
[WhiteElo "2380"]
[BlackElo "2258"]
[TimeControl "180+1"]
[EndTime "11:15:21 PDT"]
[Termination "KacperPolOK won on time"]

1. d4 e6 2. c4 f5 3. Nc3 Nf6 4. Nf3 Bb4 5. g3 b6 6. Bg2 Bb7 7. O-O Bxc3 8. bxc3 O-O 9. Bg5 d6 10. Ne1 Bxg2 11. Nxg2 Nbd7 12. Nf4 Qe7 13. d5 e5 14. Ne6 Rfc8 15. Qc2 h6 16. Bxf6 Qxf6 17. e4 fxe4 18. Qxe4 Nf8 19. Nxf8 Rxf8 20. f4 Rae8 21. f5 a5 22. h4 h5 23. Rae1 Qh6 24. Re2 Rf6 25.
g4 hxg4 26. Qxg4 Ref8 27. h5 Kf7 28. Qf3 Ke7 29. Rg2 R8f7 30. Qh3 Qh7 31. Rg5 Kd7 32. Qg4 Kc8 33. Rg6 Kb7 34. Qg5 Qh8 35. h6 gxh6 36.
Qh5 Rg7 37. Rf2 Qg8 38. Rfg2 Rgxg6 39. Rxg6 Qf8 40. Rxf6 Qxf6 41. Qg6 Qh4 42. f6 Qe1+ 43. Kh2 Qf2+ 44. Kh3 e4 45. f7 e3 46. Qg8 e2 47. f8=Q Qxf8 48. Qxf8 e1=Q 49. Qf3 Qe5 50. Kg4 Qg5+ 51. Kh3 Qg6 52. Qe3 Qf5+ 53. Kh4 h5 54. Qg5 Qe4+ 55. Kxh5 Qxc4 56. Qg8 Qxc3 57. Qe6 Qe5+ 0-1

[Event "*** Titled Tuesday Blitz"]
[Site "Chess.com"]
[Date "2020.04.14"]
[Round "7"]
[White "Generalas"]
[Black "SuperCheese"]
[Result "0-1"]
[WhiteElo "2312"]
[BlackElo "2516"]
[TimeControl "180+1"]
[EndTime "11:15:22 PDT"]
[Termination "SuperCheese won by resignation"]

1. e4 e5 2. Nf3 Nc6 3. Bb5 a6 4. Ba4 Nf6 5. O-O Be7 6. Re1 b5 7. Bb3 d6 8. Bd5 Bb7 9. c3 O-O 10. d4 exd4 11. Nxd4 Nxd5 12. exd5 Nxd4 13. Qxd4 Bf6 14.
Qd3 Re8 15. Be3 Re5 16. Nd2 Rxd5 17. Qc2 Rh5 18. Ne4 Be5 19. Ng3 Qh4 20. Nxh5 Qxh2+ 21. Kf1 Bxg2+ 22. Ke2 Qxh5+ 23. Kd2 f5 24. f4 Bf6 25. Rg1 Be4 26. Qb3+ Kh8 27. Rae1 Re8 28. Kc1 c5 29. Qd1 Qh2 30. Qd2 Qxd2+ 31. Kxd2 b4 32. cxb4 cxb4 33. Rc1 Bxb2 34. Rc7 Bc3+ 35. Rxc3 bxc3+ 36. Kxc3 Kg8 37. Bd4 g6 38. Kb4 Rc8 39. Ka5 Rc6 40. Be3 Kf7 41. Rc1 Rxc1 42. Bxc1 Bd3 43. Kb4 Ke6 44. Kc3 Bf1 45. Kd4 Bb5 46. Be3 Bc6 47. Bf2 Be4 48. Bh4 Kd7 49. a4 Kc6 50. a5 Kb5 51. Be1 h6 52.
Bd2 g5 53. fxg5 hxg5 54. Bxg5 Kxa5 55. Kc4 Ka4 56. Bf4 d5+ 57. Kc5 Kb3 58. Bd2 Kc2 59. Bf4 Kd1 60. Kb6 Bd3 61. Kc5 Bc4 62. Bc7 Ke2 63.
Kd4 Kf3 64. Bb6 f4 65. Ba5 Kg2 0-1

[Event "*** Titled Tuesday Blitz"]
[Site "Chess.com"]
[Date "2020.04.14"]
[Round "7"]
[White "tandaleo"]
[Black "1lec"]
[Result "0-1"]
[WhiteElo "2326"]
[BlackElo "2160"]
[TimeControl "180+1"]
[EndTime "11:15:23 PDT"]
[Termination "1lec won by resignation"]

1. d4 Nf6 2. c4 g6 3. Nc3 Bg7 4. e4 d6 5. Be2 O-O 6. Nf3 e5 7. d5 a5 8. Bg5 Na6 9. Nd2 Bd7 10. g4 Qe8 11. h4 h6 12. Be3 Nh7 13. g5 h5 14. Rg1 Nc5 15. Qc2 f6 16. gxf6 Nxf6 17.
O-O-O Ng4 18. Bxg4 Bxg4 19. f3 Bxf3 20. Nxf3 Rxf3 21.
Bxc5 Bh6+ 22. Kb1 dxc5 23. d6 cxd6 24. Rxd6 Ra6 25. Rxa6 bxa6 26. Qe2 Qf7 27. Nd5 Rf2 28. Qd3 Kh7 29. Ne3 Rf3 30. Re1 Qf4 31. Qd7+ Qf7 32.
Qxf7+ Rxf7 33. Nd5 g5 34. hxg5 Bxg5 35. Rh1 h4 36. Kc2 Kg6 37. Kd3 Kh5 38. Ke2 Kg4 39. Nc3 h3 40. Rg1+ Kh4 41. Nd1 Bf4 42. Nf2 Bg3 43. Nxh3 Kxh3 44. Rh1+ Kg4 45. Rh6 Rf2+ 46. Kd1 Rxb2 47. Rxa6 Kf4 48. Rxa5 Kxe4 49. Rxc5 Kd3 50.
Rd5+ Kxc4 51. Rd8 Rxa2 52. Rc8+ Kd3 53. Rd8+ Ke3 54. Rb8 e4 55. Rb3+ Kf4 56. Kc1 e3 57. Rb4+ Kf3 58. Rb3 Rf2 59. Kd1 Rf1+ 60. Kc2 Kf2 61.
Kd3 Rd1+ 62. Ke4 e2 63. Rf3+ Kg2 64. Re3 e1=Q 65. Rxe1 Rxe1+ 66. Kf5 Rf1+ 67. Kg6 Be1 68. Kg5 Rf3 69. Kg4 Rg3+ 0-1

[Event "*** Titled Tuesday Blitz"]
[Site "Chess.com"]
[Date "2020.04.14"]
[Round "7"]
[White "Flawless_Fighter"]
[Black "Sebastian"]
[Result "0-1"]
[WhiteElo "2609"]
[BlackElo "2996"]
[TimeControl "180+1"]
[EndTime "11:15:25 PDT"]
[Termination "Sebastian won on time"]

1. e4 e5 2. Nf3 Nc6 3. Bb5 Nf6 4. d3 d6 5. O-O Be7 6. c3 a6 7. Ba4 O-O 8. Re1 Re8 9. h3 h6 10. Nbd2 Bf8 11. Nf1 b5 12. Bb3 Na5 13. Bc2 c5 14. Ng3 Qc7 15. d4 Bd7 16. b3 cxd4 17. cxd4 Rac8 18.
Bd3 Nc6 19. Bb2 Qb6 20. d5 Nb4 21. Qd2 Nxd3 22. Qxd3 b4 23. Rac1 a5 24. Nd2 Bb5 25. Nc4 Qa6 26. Nf5 g6 27. Nfe3 h5 28. f4 exf4 29.
Bxf6 fxe3 30. Bb2 Bxc4 31. bxc4 Bg7 32. Bxg7 Kxg7 33. Qd4+ Re5 34. Rxe3 Rc5 35. Rf3 Kg8 36. Kh1 Qc8 37. a3 Qe8 38. axb4 axb4 39. Rf4 b3 40.
Rb1 Qa4 41. Qc3 Qxc4 42. Qxc4 Rxc4 43. Rxb3 g5 44. Rf6 Rexe4 45. Rxd6 Re1+ 46. Kh2 h4 47. Rb2 Rcc1 48. g4 Rh1+ 49. Kg2 Rcg1+ 50. Kf2 Rg3 51.
Rb8+ Kg7 52. Rdd8 Rh2+ 53. Kf1 Rc3 54. Rg8+ Kf6 55. Rb6+ Ke7 56. Rb7+ Kd6 57. Rd8+ Ke5 58. Re7+ Kd4 59. Re1 Rh1+ 60. Kf2 Rc2+ 61. Re2 Rh2+ 62. Kf3 Rcxe2 0-1

[Event "*** Titled Tuesday Blitz"]
[Site "Chess.com"]
[Date "2020.04.14"]
[Round "7"]
[White "Blitzking642"]
[Black "tylityli"]
[Result "0-1"]
[WhiteElo "2384"]
[BlackElo "2165"]
[TimeControl "180+1"]
[EndTime "11:15:25 PDT"]
[Termination "tylityli won by resignation"]

1. e4 c5 2. Nf3 e6 3. d3 Nc6 4.
g3 g6 5. Bg2 Bg7 6. O-O Nge7 7.
Re1 O-O 8. c3 d5 9. exd5 Nxd5 10. Nbd2 a6 11. Ne4 b6 12. Bg5 f6 13. Bd2 e5 14.
Qc2 Bg4 15. h3 Be6 16. Rad1 Qd7 17. Kh2 Rac8 18. Bc1 Nde7 19. Qb1 Nf5 20. g4 Nd6 21. Ng3 Qf7 22. b3 Ne7 23. Kg1 Nd5 24. Bd2 Rfd8 25. g5 Nb5 26. Qc2 Nf4 27. Bxf4 exf4 28. Ne4 f5 29.
Nf6+ Bxf6 30. gxf6 Qxf6 31. Rc1 Bd5 32. Qd2 Be4 33.
Qxf4 Bxd3 34. Rcd1 Nxc3 35. Rxd3 Rxd3 36. Ne5 Rd1 37.
Qc4+ Kg7 38. Qxc3 Rcd8 39. f4 Rxe1+ 40. Qxe1 Rd4 41. Qe3 Qh4 42. Nf3 Rd1+ 43. Kh2 Qf6 44. Ne5 Qd6 45. Nc4 Qc7 46. Qe5+ Qxe5 47. fxe5 Kf7 48.
Nxb6 Ke6 49. Nc4 Ra1 50. a4 Rb1 51. Na5 Kxe5 52. Bb7 Kf4 53. Bxa6 Rb2+ 54. Kg1 Kg3 55. Kf1 f4 56. Bc4 f3 57. Ke1 Rc2 58. Nc6 f2+ 59. Kf1 Rc1+ 0-1

[Event "*** Titled Tuesday Blitz"]
[Site "Chess.com"]
[Date "2020.04.14"]
[Round "7"]
[White "serhanberat_ozdemir"]
[Black "Mourinho_Jose"]
[Result "1-0"]
[WhiteElo "2451"]
[BlackElo "2603"]
[TimeControl "180+1"]
[EndTime "11:15:26 PDT"]
[Termination "serhanberat_ozdemir won by resignation"]

1. e4 e5 2. Nf3 Nf6 3. Nc3 Bb4 4. Nxe5 O-O 5. Be2 Re8 6. Nd3 Bxc3 7. dxc3 Nxe4 8.
O-O d5 9. Nf4 Nf6 10. Be3 c6 11.
c4 dxc4 12. Bxc4 Bf5 13. Qxd8 Rxd8 14. Rad1 Nbd7 15. Bb3 Nb6 16. Rxd8+ Rxd8 17. f3 g5 18. Ne2 h6 19. Kf2 Nfd5 20. Bd4 Nf4 21. Be3 Nfd5 22.
Rd1 Re8 23. Bc5 Kg7 24. Rd2 Nf6 25. Ng3 Bh7 26. Bd4 Bg6 27. Bc3 Nc8 28. Ne2 Bf5 29. Ng3 Be6 30. Nf1 Bxb3 31. axb3 Kg6 32. Ne3 Nb6 33. Rd6 Re6 34. Rxe6 fxe6 35. Bxf6 Kxf6 36. Ng4+ Kg6 37. Ke3 h5 38. Nf2 Kf5 39. g4+ hxg4 40. fxg4+ Ke5 41. Ne4 Nd5+ 42. Kf3 Nb4 43. c3 Nd3 44.
Nxg5 Nxb2 45. h4 a5 46. Ke3 b5 47. Nf3+ Kf6 48. g5+ Kf5 49. Nd4+ Kg6 50. Nxc6 a4 51. bxa4 bxa4 52. Nb4 Nc4+ 53. Kd4 Nd6 54. Ke5 Nf5 55. Kxe6 Nxh4 56. c4 Nf3 57. c5 a3 58. Kd5 Nxg5 59. c6 Nh7 60. Ke6 Nf6 61. c7 a2 62. Nxa2 Nh5 63.
c8=Q Nf4+ 64. Ke5 Kg5 65. Qf5+ Kh6 66. Qxf4+ Kh7 67. Qg4 Kh8 68. Kf6 1-0